 Dungeon Crawl Stone Soup version 0.22-a0-422-g9628fc87f1 (webtiles) character file.

107697 D1HalberdGnoll the Stormcaller (level 16, -7/101 HPs)
             Began as a Deep Elf Air Elementalist on May 21, 2018.
             Was the Champion of Vehumet.
             Hit by a javelin of penetration thrown by a merfolk javelineer (11 damage)
             ... on level 4 of the Shoals on May 23, 2018.
             The game lasted 02:00:01 (44724 turns).

D1HalberdGnoll the Stormcaller (DEAE)              Turns: 44724, Time: 02:00:02

Health: -7/101     AC: 14    Str:  6    XL:     16   Next: 0%
Magic:  0/41       EV: 20    Int: 28    God:    Vehumet [******]
Gold:   87         SH:  7    Dex: 14    Spells: 4/35 levels left

rFire    . . .     SeeInvis +   o - staff of energy
rCold    + . .     Gourm    .   K - +2 buckler
rNeg     . . .     Faith    .   I - +3 troll leather armour
rPois    +         Spirit   +   D - +2 hat {SInv}
rElec    .         Reflect  .   J - +2 cloak
rCorr    .         Harm     .   N - +0 pair of gloves
MR       +....     Clarity  +   q - +0 pair of boots
Stlth    ++........             A - amulet of guardian spirit
HPRegen  0.66/turn              j - ring of poison resistance
MPRegen  0.27/turn              P - ring of Vimisure {MP+9 Int+2}

@: drained
A: talons 1, clarity, clumsy 1, cold resistance 1
a: Renounce Religion


You were on level 4 of the Shoals.
You worshipped Vehumet.
Vehumet was exalted by your worship.
You were not hungry.

You visited 5 branches of the dungeon, and saw 27 of its levels.
You also visited: Ice Cave.

You collected 2619 gold pieces.
You spent 2532 gold pieces at shops.

Inventory:

Missiles
 W - 5 throwing nets (quivered)
Armour
 q - a +0 pair of boots (worn)
 D - a +2 hat of see invisible (worn)
 I - a +3 troll leather armour (worn)
 J - a +2 cloak (worn)
 K - a +2 buckler (worn)
 N - a +0 pair of gloves (worn)
Magical Staves
 h - an uncursed staff of air
 o - an uncursed staff of energy (weapon)
Jewellery
 j - a ring of poison resistance (left hand)
 m - an uncursed ring of resist corrosion
 z - an uncursed amulet of regeneration
 A - an amulet of guardian spirit (around neck)
 E - an uncursed ring of protection from magic
 P - the ring of Vimisure (right hand) {MP+9 Int+2}
   (You found it on level 6 of the Lair of Beasts)

   [ring of magical power]

   It affects your intelligence (+2).
   It affects your magic capacity (+9).
 V - an uncursed ring of protection from cold
Wands
 a - a wand of iceblast (9)
 e - a wand of digging (39)
 s - a wand of clouds (6)
 x - a wand of paralysis (42)
 B - a wand of flame (109)
 F - a wand of disintegration (13)
 O - a wand of enslavement (8)
 R - a wand of polymorph (8)
 X - a wand of scattershot (3)
Scrolls
 d - 7 scrolls of teleportation
 f - 2 scrolls of torment
 i - 7 scrolls of remove curse
 k - 7 scrolls of enchant weapon
 p - a scroll of fear
 r - 4 scrolls of magic mapping
 y - 4 scrolls of amnesia
 G - a scroll of holy word
 L - a scroll of blinking
 S - a scroll of summoning
Potions
 b - 2 potions of haste
 g - 8 potions of curing
 l - 4 potions of agility
 n - 4 potions of might
 t - 3 potions of berserk rage
 u - a potion of mutation
 w - a potion of cancellation
 C - 4 potions of brilliance
 H - a potion of ambrosia
 M - a potion of flight
 Q - 2 potions of lignification
Miscellaneous
 T - a lightning rod (1/4)
 U - a phial of floods (inert)
 Y - a phantom mirror
Comestibles
 c - 12 rations


   Skills:
 + Level 12.2(11.3) Fighting
 + Level 15.8(14.9) Dodging
 - Level 2.4(1.7) Stealth
 - Level 4.0(3.3) Shields
 - Level 10.0(9.2) Spellcasting
 * Level 9.0(8.2) Conjurations
 - Level 7.5(6.7) Hexes
 - Level 3.0(2.3) Summonings
 - Level 16.0(15.1) Air Magic
 - Level 4.0(3.3) Earth Magic


You had 4 spell levels left.
You knew the following spells:

 Your Spells              Type           Power        Failure   Level  Hunger
a - Shock                 Conj/Air       ####         1%          1    None
b - Airstrike             Air            #######...   1%          4    None
c - Lightning Bolt        Conj/Air       ######....   1%          5    None
d - Summon Lightning Spi  Summ/Air       ######..     1%          4    None
e - Confuse               Hex            ######..     1%          3    None
f - Invisibility          Hex            ######..     58%         6    None
g - Freezing Cloud        Conj/Ice/Air   ######....   13%         6    None
p - Passwall              Tmut/Erth      ###.......   6%          2    None

Your spell library contained the following spells:

 Spells                   Type           Power        Failure   Level  Hunger
 Cause Fear               Hex            ######....   4%          4    None
 Bolt of Cold             Conj/Ice       #####.....   45%         6    None
 Slow                     Hex            ######..     1%          2    None
 Throw Frost              Conj/Ice       #####.       1%          2    None
 Summon Small Mammal      Summ           ####         2%          1    None
 Bolt of Draining         Conj/Necr      #####.....   11%         5    None
 Summon Horrible Things   Summ           ####......   100%        8    None
 Pain                     Necr           ##..         8%          1    None
 Vampiric Draining        Necr           ##........   22%         3    None
 Freeze                   Ice            ##..         2%          1    None
 Ozocubu's Refrigeration  Ice            ##........   94%         6    None
 Summon Ice Beast         Ice/Summ       ###.....     43%         4    None
 Ozocubu's Armour         Chrm/Ice       ##......     22%         3    None
 Call Imp                 Summ           ####....     4%          2    None
 Summon Greater Demon     Summ           ####......   100%        7    None
 Stone Arrow              Conj/Erth      #####.       1%          3    None
 Swiftness                Chrm/Air       ######..     1%          2    None
 Spider Form              Tmut/Pois      ##........   22%         3    None
 Blade Hands              Tmut           ##........   91%         5    None
 Statue Form              Tmut/Erth      ###......    99%         6    None
 Ice Form                 Ice/Tmut       ##......     58%         4    None
 Dragon Form              Tmut           ##........   100%        7    None
 Throw Icicle             Conj/Ice       #####...     4%          4    None
 Confusing Touch          Hex            ######       1%          1    None
 Sticks to Snakes         Tmut           ##......     12%         2    None
 Call Canine Familiar     Summ           ####....     9%          3    None
 Metabolic Englaciation   Hex/Ice        ####......   45%         5    None
 Static Discharge         Conj/Air       ######..     1%          3    None
 Corona                   Hex            ######.      1%          1    None
 Lee's Rapid Deconstruct  Erth           ####......   14%         5    None
 Sandblast                Erth           ####..       1%          1    None
 Simulacrum               Ice/Necr       ##........   100%        6    None
 Portal Projectile        Hex/Tloc       ####..       5%          3    None
 Monstrous Menagerie      Summ           ####......   100%        7    None
 Petrify                  Tmut/Erth      ###.....     36%         4    None
 Passage of Golubria      Tloc           N/A          58%         4    None
 Malign Gateway           Summ/Tloc      ###.......   100%        7    None
 Leda's Liquefaction      Hex/Erth       #####.....   10%         4    None
 Darkness                 Hex            ######....   58%         6    None
 Inner Flame              Hex/Fire       ####....     1%          3    None
 Beastly Appendage        Tmut           ##....       8%          1    None
 Summon Guardian Golem    Hex/Summ       #####...     3%          3    None
 Hydra Form               Tmut           ##........   100%        6    None
 Irradiate                Conj/Tmut      #####.....   11%         5    None
 Gell's Gravitas          Tloc           ##........   22%         3    None
 Yara's Violent Unravell  Hex/Tmut       ####......   13%         5    None


Dungeon Overview and Level Annotations

Branches:
Dungeon (14/15)            Temple (1/1) D:7            Lair (6/6) D:9
 Shoals (4/4) Lair:2        Snake (0/4) Lair:3        Slime (0/5) Lair:5
    Orc (2/2) D:11            Elf (0/3) Orc:2
 Vaults: D:13-14

Altars:
Ashenzari
Cheibriados
Dithmenos
Elyvilon
Fedhas
Gozag
Hepliaklqana
Kikubaaqudgha
Makhleb
Nemelex Xobeh
Okawaru
Qazlal
Ru
Sif Muna
Trog
Uskayaw
Vehumet
Wu Jian
Xom
Yredelemnul
Zin
The Shining One
Beogh
Jiyva

Shops:
D:8 *   D:10 *%?%}   Orc:2 :=*?

Annotations:
D:1 exclusion: downstairs
D:2 exclusion: downstairs
D:8 exclusion: downstairs
D:9 1 runed door
Lair:3 exclusion: downstairs
Shoals:2 exclusion: 2 downstairs
Shoals:3 exclusion: 2 downstairs
Shoals:4 Ilsuiw


Innate Abilities, Weirdness & Mutations

You have sharp toenails.
You possess an exceptional clarity of mind.
You are clumsy. (Dex -2)
Your flesh is cold resistant. (rC+)


Message History

* * * LOW HITPOINT WARNING * * *
Okay, then.
Okay, then.
You feel much better.
The merfolk javelineer throws a javelin of returning.
The javelin of returning barely misses you.
The weapon returns to the merfolk javelineer!
The merfolk javelineer throws a javelin.
The javelin hits you!
* * * LOW HITPOINT WARNING * * *
A snapping turtle comes into view.
The merfolk javelineer throws a javelin of penetration.
The javelin of penetration closely misses you.
The merfolk javelineer throws a javelin of returning.
The javelin of returning hits you!
* * * LOW HITPOINT WARNING * * *
The weapon returns to the merfolk javelineer!
The merfolk javelineer throws a javelin of penetration.
The javelin of penetration pierces through you!
You die...

.≈≈≈≈# .... .≈≈≈≈≈≈≈
..≈≈≈≈ ##. ## ..≈≈≈≈≈≈
..≈≈≈ ###≈.#####.##
...≈≈≈≈≈ .≈≈≈≈
≈≈≈..#...... #.≈≈≈≈≈
..≈≈≈ ≈..........
##.≈≈≈≈≈ .≈≈≈≈ #.....(.≈
.#..≈≈≈≈≈ #......
≈........≈ ≈.###...(#
.......... ≈m.....@#
..........
≈≈..≈≈≈≈..≈≈≈≈..........
≈≈≈≈≈≈≈≈..≈≈≈≈..........
≈≈≈≈≈≈≈....≈≈t..........
≈≈≈≈≈≈≈≈..≈≈≈≈..........
≈≈≈≈≈≈≈≈≈≈≈######.......
≈≈≈≈≈≈≈m#.## ./.#......
PPP≈≈≈≈≈≈m≈≈≈≈≈≈####
#..#.....
PP≈≈≈≈≈≈≈≈≈≈≈≈≈≈..#
≈....#....


You could see 3 merfolk javelineers and a snapping turtle.

Vanquished Creatures
  Kirke (Shoals:2)
  A frost giant (IceCv)
  A merfolk impaler (Shoals:4)
  An ettin (D:12)
  3 catoblepae (Lair:6)
  4 merfolk avatars
  5 hydras
  A satyr (Shoals:3)
  A centaur warrior (D:13)
  2 merfolk aquamancers
  3 two-headed ogres
  4 death yaks
  5 orc high priests (Orc:2)
  Nergalle (Lair:4)
  A skeletal warrior (D:13)
  2 unseen horrors
  4 sea snakes
  Pikel (D:8)
  2 phantasmal warriors (D:12)
  5 orc knights
  7 harpies
  8 manticores
  A wolf spider zombie (D:14)
  2 orc sorcerers (Orc:1)
  An ugly thing (D:12)
  A cyclops (Shoals:1)
  6 fauns
  3 oklob plants (Lair:3)
  3 elephants (Lair:4)
  Maurice (D:10)
  The ghost of loom the Magician, a novice DECj of Vehumet (D:6)
  6 merfolk sirens
  Joseph (D:10)
  An ice statue (IceCv)
  2 gargoyles (D:12)
  4 water nymphs
  A black mamba (Lair:2)
  7 rime drakes
  7 spiny frogs
  A komodo dragon (Lair:1)
  3 trolls
  10 polar bears (IceCv)
  3 hornets
  9 merfolk
  A slime creature (D:12)
  3 wind drakes
  2 snapping turtles (Shoals:3)
  8 blink frogs
  A meliai zombie (D:14)
  6 dream sheep
  6 hippogriffs
  4 water elementals
  A shadow (D:13)
  8 spriggans (Lair:1)
  A wyvern (D:10)
  A vampire (D:13)
  35 yaks
  A basilisk (Lair:3)
  3 hungry ghosts
  A golden eye (shapeshifter) (D:13)
  A hog (Shoals:2)
  Menkaure (D:4)
  2 vampire mosquitoes (D:12)
  A warg (Orc:1)
  8 water moccasins
  10 porcupines
  An eye of draining (D:9)
  11 orc warriors
  8 ice beasts
  2 necrophages
  5 ogres
  2 sky beasts
  A black bear (D:9)
  A phantom (D:10)
  The ghost of epok the Cudgeler, an amateur CeGl (D:3)
  4 wolves (IceCv)
  14 centaurs
  10 crocodiles
  11 bullfrogs
  3 scorpions
  A wyvern skeleton (D:6)
  14 killer bees
  2 howler monkeys
  An electric eel (Lair:2)
  7 crimson imps
  2 centaur zombies
  2 quasits
  A bullfrog zombie (D:12)
  13 orc priests
  A gnoll shaman (D:6)
  2 centaur skeletons (D:11)
  8 hounds
  3 jellies
  10 orc wizards
  7 iguanas
  10 worker ants
  An ogre zombie (D:11)
  2 hound skeletons (D:10)
  A worker ant zombie (D:11)
  4 gnolls
  21 adders
  4 shadow imps
  4 oozes
  An adder skeleton (D:4)
  A worm (D:2)
  A dart slug (D:1)
  6 leopard geckos
  52 orcs
  13 giant cockroaches
  8 goblins
  9 hobgoblins
  6 jackals
  12 kobolds
  3 quokkas
  2 ball pythons
  13 bats
  2 frilled lizards (D:1)
  A goblin zombie (D:11)
  2 hobgoblin zombies (D:11)
  4 orc skeletons (D:11)
  8 orc zombies (D:11)
  A quokka zombie (D:8)
  8 rats
  A fungus (Lair:5)
  5 plants
596 creatures vanquished.

Vanquished Creatures (collateral kills)
  Gastronok (D:8)
  2 merfolk javelineers (Shoals:3)
  5 merfolk impalers
  5 hydras
  3 merfolk avatars
  2 merfolk aquamancers
  Erica (D:11)
  A two-headed ogre (D:11)
  A satyr (Shoals:2)
  2 death yaks
  Urug (Lair:2)
  2 sea snakes
  A swamp dragon (shapeshifter) (D:12)
  5 orc knights
  5 harpies
  A lindwurm (Lair:2)
  2 oklob plants
  2 cyclopes
  6 fauns
  3 manticores
  3 merfolk sirens
  3 elephants
  3 water nymphs (Shoals:3)
  A black mamba (Lair:2)
  6 spiny frogs
  A centaur zombie (D:14)
  Psyche (D:8)
  A gargoyle (D:13)
  2 komodo dragons
  11 merfolk
  5 trolls
  4 polar bears (IceCv)
  A wind drake (Shoals:2)
  Prince Ribbit (D:8)
  A blink frog (Lair:1)
  7 dream sheep
  3 snapping turtles
  A hippogriff (D:8)
  13 yaks
  5 water elementals
  Grum (D:8)
  A hog (Shoals:2)
  A naga (Lair:3)
  2 porcupines
  7 water moccasins
  4 ice beasts
  15 orc warriors
  A slave (D:8)
  3 centaurs
  2 ogres
  3 wolves
  4 crocodiles
  4 bullfrogs
  A big kobold (D:12)
  A scorpion (D:9)
  A troll zombie (D:11)
  2 killer bees (D:13)
  A centaur skeleton (D:12)
  A hound (D:12)
  7 orc wizards
  9 orc priests
  4 worker ants
  6 ogre zombies (D:11)
  2 gnolls
  A howler monkey skeleton (D:8)
  A leopard gecko (D:8)
  30 orcs
  2 giant cockroaches (D:9)
  3 kobolds (D:12)
  3 goblin zombies (D:11)
  A hobgoblin zombie (D:11)
  2 orc skeletons (D:11)
  4 orc zombies (D:11)
  A butterfly (D:9)
  2 fungi
  3 plants
260 creatures vanquished.

Vanquished Creatures (others)
  A death yak (IceCv)
  A sea snake (Shoals:4)
  2 polar bears (IceCv)
  A human (Shoals:3)
  A water elemental (Shoals:3)
  A yak (IceCv)
  2 slaves (D:8)
  6 wolves (IceCv)
  A ball lightning (Shoals:2)
  10 fungi
  62 plants
88 creatures vanquished.

Grand Total: 944 creatures vanquished

Notes
Turn   | Place    | Note
-------+----------+-------------------------------------------
     0 | D:1      | D1HalberdGnoll the Deep Elf Air Elementalist began the quest for the Orb.
     0 | D:1      | Reached XP level 1. HP: 10/10 MP: 6/6
   132 | D:1      | Reached XP level 2. HP: 16/16 MP: 6/8
   588 | D:1      | Reached XP level 3. HP: 20/20 MP: 6/9
  1156 | D:2      | Reached skill level 1 in Fighting
  1172 | D:2      | Reached XP level 4. HP: 17/25 MP: 5/10
  1484 | D:2      | Reached skill level 4 in Air Magic
  1781 | D:2      | Found a hazy altar of Hepliaklqana.
  1874 | D:2      | Reached XP level 5. HP: 29/29 MP: 8/11
  1948 | D:2      | Found a sacrificial altar of Ru.
  2302 | D:3      | Noticed a centaur
  2467 | D:2      | Reached skill level 5 in Conjurations
  2467 | D:2      | Reached skill level 8 in Air Magic
  2467 | D:2      | Reached XP level 6. HP: 8/38 MP: 2/18
  2729 | D:3      | Learned a level 4 spell: Airstrike
  2735 | D:3      | Learned a level 5 spell: Lightning Bolt
  3305 | D:3      | Noticed epok's ghost (amateur CeGl)
  3311 | D:3      | Killed epok's ghost
  3359 | D:3      | Learned a level 4 spell: Summon Lightning Spire
  3567 | D:4      | Reached XP level 7. HP: 44/44 MP: 14/19
  3864 | D:4      | Found a blossoming altar of Fedhas.
  3996 | D:4      | Reached skill level 1 in Summonings
  4206 | D:4      | Noticed Menkaure
  4210 | D:4      | Killed Menkaure
  4465 | D:5      | Entered Level 5 of the Dungeon
  4810 | D:5      | Reached XP level 8. HP: 48/48 MP: 10/20
  5141 | D:5      | Reached skill level 9 in Air Magic
  5815 | D:6      | Reached skill level 5 in Dodging
  6402 | D:6      | Noticed loom's ghost (novice DECj)
  6406 | D:6      | Killed loom's ghost
  6406 | D:6      | Reached skill level 5 in Fighting
  6588 | D:7      | Found a staircase to the Ecumenical Temple.
  6601 | Temple   | Entered the Ecumenical Temple
  6750 | Temple   | Became a worshipper of Vehumet
  6761 | D:7      | Reached XP level 9. HP: 54/54 MP: 15/21
  7022 | D:7      | Got a twitching jade ring
  7024 | D:7      | Identified the ring of Teikac {+Fly EV+1} (You found it on level 7 of the Dungeon)
  7581 | D:8      | Noticed Gastronok
  7741 | D:8      | Killed Gastronok
  7741 | D:8      | Reached skill level 10 in Air Magic
  7908 | D:8      | Noticed Grum
  7913 | D:8      | Noticed Psyche
  7914 | D:8      | Killed Grum
  7914 | D:8      | Reached XP level 10. HP: 60/60 MP: 9/22
  7916 | D:8      | Killed Psyche
  7955 | D:8      | Noticed Pikel
  7966 | D:8      | Killed Pikel
  8201 | D:8      | Found a bloodstained altar of Trog.
  8202 | D:8      | Found a burning altar of Makhleb.
  8222 | D:8      | Found Zunad's Assorted Antiques.
  8229 | D:8      | Bought a potion of curing for 72 gold pieces
  8309 | D:8      | Noticed a two-headed ogre
  8314 | D:8      | Killed a two-headed ogre
  8574 | D:8      | Noticed a two-headed ogre
  8579 | D:8      | Killed a two-headed ogre
  8579 | D:8      | Reached skill level 11 in Air Magic
  8779 | D:8      | Noticed Prince Ribbit
  8784 | D:8      | Killed Prince Ribbit
  9013 | D:8      | Found an iron altar of Okawaru.
  9612 | D:9      | Reached * piety under Vehumet
  9612 | D:9      | Offered knowledge of Sting by Vehumet.
 10061 | D:9      | Found a snail-covered altar of Cheibriados.
 10110 | D:9      | Found a staircase to the Lair.
 10325 | D:9      | Found a runed door.
 10341 | D:9      | Found a runed door.
 10467 | D:9      | Learned a level 3 spell: Confuse
 10761 | D:10     | Entered Level 10 of the Dungeon
 10764 | D:10     | Reached skill level 1 in Hexes
 10918 | D:10     | Found Noitumi's Magic Scroll Boutique.
 10923 | D:10     | Bought 2 scrolls of teleportation for 96 gold pieces
 10923 | D:10     | Bought a scroll of identify for 32 gold pieces
 10923 | D:10     | Bought a scroll of identify for 32 gold pieces
 10932 | D:10     | Found Onluev's Food Shop.
 11060 | D:10     | Noticed a two-headed ogre
 11091 | D:10     | Killed a two-headed ogre
 11091 | D:10     | Reached XP level 11. HP: 15/66 MP: 0/23
 11270 | D:10     | Found Dumel's Food Shoppe.
 11828 | D:10     | Found Funuthunula's Assorted Antiques.
 11886 | D:10     | Found Hoeskone's Gadget Emporium.
 11922 | D:10     | Noticed Joseph
 11938 | D:10     | Killed Joseph
 12072 | D:10     | Reached ** piety under Vehumet
 12157 | D:10     | Noticed Maurice
 12163 | D:10     | Killed Maurice
 12344 | Lair:1   | Entered Level 1 of the Lair of Beasts
 12349 | Lair:1   | Offered knowledge of Magic Dart by Vehumet.
 12349 | Lair:1   | Reached skill level 12 in Air Magic
 14290 | Lair:2   | Reached skill level 5 in Hexes
 14310 | Lair:2   | Offered knowledge of Mephitic Cloud by Vehumet.
 14885 | Lair:2   | Learned a level 2 spell: Passwall
 15383 | Lair:2   | Noticed Urug
 15391 | Lair:2   | Killed Urug
 15391 | Lair:2   | Reached skill level 13 in Air Magic
 15391 | Lair:2   | Reached XP level 12. HP: 72/72 MP: 2/24
 15774 | Lair:2   | Found a staircase to the Shoals.
 16206 | Lair:2   | Noticed a seven-headed hydra
 16210 | Lair:2   | Killed a seven-headed hydra
 16334 | Lair:2   | Reached skill level 10 in Dodging
 16715 | Lair:2   | Got a brightly glowing halberd
 16716 | Lair:2   | Identified the +11 halberd of Valour {protect, Str+2} (You found it on level 2 of the Lair of Beasts)
 16966 | Lair:2   | Reached *** piety under Vehumet
 17107 | Lair:3   | Noticed a four-headed hydra
 17117 | Lair:3   | Killed a four-headed hydra
 17666 | Lair:3   | Found a staircase to the Snake Pit.
 17769 | Lair:3   | Noticed an eight-headed hydra
 17782 | Lair:3   | Killed an eight-headed hydra
 18407 | Lair:3   | Reached skill level 14 in Air Magic
 18527 | Lair:3   | Found the +8 whip "Snakebite" {curare, rPois}
 18593 | Lair:3   | Got a scorched ivory amulet
 18618 | Lair:3   | Identified the amulet of Surprise {Faith rElec Str+7 Int-5 Dex+3} (You found it on level 3 of the Lair of Beasts)
 18745 | Lair:4   | Offered knowledge of Iskenderun's Mystic Blast by Vehumet.
 19291 | Lair:4   | Noticed Nergalle
 19300 | Lair:4   | Killed Nergalle
 19984 | Lair:5   | Noticed a six-headed hydra
 19992 | Lair:5   | Killed a six-headed hydra
 20150 | Lair:5   | Reached XP level 13. HP: 80/80 MP: 14/25
 20756 | Lair:5   | Found a staircase to the Slime Pits.
 20756 | Lair:5   | Found a viscous altar of Jiyva.
 20772 | Lair:5   | Reached **** piety under Vehumet
 21240 | Lair:6   | Entered Level 6 of the Lair of Beasts
 21861 | Lair:6   | Reached skill level 1 in Earth Magic
 21901 | Lair:6   | Offered knowledge of Olgreb's Toxic Radiance by Vehumet.
 22544 | Lair:6   | Reached skill level 15 in Air Magic
 23694 | Lair:6   | Got a slimy steel ring
 23705 | Lair:6   | Got a smoking flail
 24033 | D:9      | Identified a scroll of acquirement
 24499 | D:11     | Noticed Erica
 24503 | D:11     | Killed Erica
 24915 | D:11     | Reached ***** piety under Vehumet
 24918 | D:11     | Offered knowledge of Iron Shot by Vehumet.
 25219 | D:11     | Found a staircase to the Orcish Mines.
 26043 | D:11     | Found a staircase to the Orcish Mines.
 27695 | D:12     | Reached XP level 14. HP: 87/87 MP: 15/26
 28897 | D:13     | Reached skill level 16 in Air Magic
 28941 | D:13     | Reached skill level 10 in Fighting
 29809 | D:13     | Identified the ring of Vimisure {MP+9 Int+2} (You found it on level 6 of the Lair of Beasts)
 29812 | D:13     | Identified the cursed +0 flail of Seylolib {protect, MR+} (You found it on level 6 of the Lair of Beasts)
 30273 | D:13     | Offered knowledge of Bolt of Magma by Vehumet.
 30521 | D:14     | Found a frozen archway.
 30543 | IceCv    | Entered an ice cave
 31141 | IceCv    | Identified Hivvas's Almanac of Freezing Dark Arts
 31969 | IceCv    | Noticed a frost giant
 31976 | IceCv    | Killed a frost giant
 32585 | D:10     | Bought a ration for 70 gold pieces
 32585 | D:10     | Bought a ration for 70 gold pieces
 32585 | D:10     | Bought a ration for 70 gold pieces
 32585 | D:10     | Bought a ration for 70 gold pieces
 32585 | D:10     | Bought a ration for 70 gold pieces
 32650 | Orc:1    | Entered Level 1 of the Orcish Mines
 32857 | Orc:1    | Paralysed by an orc sorcerer for 7 turns
 32996 | Orc:1    | Found a roughly hewn altar of Beogh.
 33695 | Orc:1    | Offered knowledge of Conjure Ball Lightning by Vehumet.
 33981 | Orc:2    | Entered Level 2 of the Orcish Mines
 34024 | Orc:2    | Found a roughly hewn altar of Beogh.
 34118 | Orc:2    | Found a staircase to the Elven Halls.
 34180 | Orc:2    | Found a labyrinth entrance.
 34963 | Orc:2    | Reached skill level 10 in Spellcasting
 35749 | Orc:2    | Found Anekelex's Magic Scroll Shop.
 35749 | Orc:2    | Found Hurghuigh's Book Shop.
 35750 | Orc:2    | Found Komatu's General Store.
 35750 | Orc:2    | Found Uvves's Jewellery Boutique.
 35770 | Orc:2    | Bought a scroll of identify for 24 gold pieces
 35772 | Orc:2    | Bought a scroll of blinking for 82 gold pieces
 35772 | Orc:2    | Bought a scroll of blinking for 82 gold pieces
 35773 | Orc:2    | Bought a scroll of identify for 22 gold pieces
 35773 | Orc:2    | Bought a scroll of identify for 22 gold pieces
 36090 | Shoals:1 | Entered Level 1 of the Shoals
 36205 | Shoals:1 | Reached XP level 15. HP: 94/94 MP: 23/31
 38545 | Shoals:3 | Reached skill level 15 in Dodging
 38686 | Shoals:3 | Noticed Kirke
 39007 | Shoals:2 | Killed Kirke
 39555 | Shoals:3 | Reached ****** piety under Vehumet
 39714 | Shoals:3 | Learned a level 6 spell: Invisibility
 39721 | Shoals:3 | Learned a level 6 spell: Freezing Cloud
 40331 | Shoals:4 | Entered Level 4 of the Shoals
 41376 | Shoals:4 | Found a deep blue altar of Sif Muna.
 41486 | Shoals:4 | Noticed Ilsuiw
 41755 | Shoals:4 | Gained mutation: You are clumsy. (Dex -2) [potion of mutation]
 41755 | Shoals:4 | Gained mutation: You possess an exceptional clarity of mind. [potion of mutation]
 41755 | Shoals:4 | Gained mutation: You have sharp toenails. [potion of mutation]
 41755 | Shoals:4 | Gained mutation: Your flesh is cold resistant. (rC+) [potion of mutation]
 42262 | D:10     | Bought a ration for 70 gold pieces
 42262 | D:10     | Bought a ration for 70 gold pieces
 42262 | D:10     | Bought a ration for 70 gold pieces
 42262 | D:10     | Bought a ration for 70 gold pieces
 42262 | D:10     | Bought a ration for 70 gold pieces
 42262 | D:10     | Bought a ration for 70 gold pieces
 42262 | D:10     | Bought a ration for 70 gold pieces
 42287 | D:10     | Bought a scroll of fear for 56 gold pieces
 42287 | D:10     | Bought a scroll of teleportation for 48 gold pieces
 42287 | D:10     | Bought a scroll of summoning for 152 gold pieces
 42376 | D:8      | Bought a scroll of teleportation for 72 gold pieces
 42376 | D:8      | Bought a phantom mirror for 720 gold pieces
 42376 | D:8      | Bought a scroll of blinking for 180 gold pieces
 43699 | Shoals:3 | Offered knowledge of Spellforged Servitor by Vehumet.
 44421 | Shoals:3 | Reached XP level 16. HP: 55/101 MP: 4/32
 44724 | Shoals:4 | HP: 4/101 [merfolk javelineer/javelin of returning (14)]
 44724 | Shoals:4 | Hit by a javelin of penetration thrown by a merfolk javelineer

Vault maps used:
D:1:      dpeg_arrival_water_temple_mockup, st_stairs_9
D:2:      overflow_temple_1_default, roderic_filled_cross,
          hangedman_abyss_or_decor_stabs, nicolae_ru_the_path_less_chosen
D:3:      first_ration, minivault_5
D:4:      fedhas_altar_3, uniq_menkaure
D:6:      hangedman_decor_riveting, kennysheep_generic_room_5
D:7:      minmay_temple_entry_grid
D:8:      nicolae_overflow_hidden_temple, serial_shops, shop, uniq_grum,
          uniq_prince_ribbit1, uniq_gastronok, uniq_pikel, uniq_psyche
D:9:      lemuel_insect_pit, cheibriados_altar_1, dpeg_oklobed_lair
D:10:     serial_shops, nicolae_shop_waterfront,
          nicolae_shop_overgrown_old_shop, shop, shop,
          nicolae_shop_behind_doors, uniq_maurice, uniq_joseph
D:11:     zombieorc2_lemuel, uniq_erica
D:12:     minmay_textured_paths
D:14:     grunt_vaults_entry_tiered, portal_ice_cave_entry_ice_beasts,
          grunt_decor_cap, grunt_pizzeria
Temple:   eino_temple_rhombus
Lair:1:   kb_forest_paths, minivault_27, st_stairs_9
Lair:2:   cheibrodos_lair_overgrown_chateau, minmay_shoals_entry_hut, uniq_urug
Lair:3:   guppyfry_snake_entry_island, bh_autumn_forest_stairs,
          cheibrodos_lair_reptile_den, grunt_megastairs_3, lemuel_fruit_fields,
          minmay_lair_oklob_chamber
Lair:4:   serial_bayou_shore_b, uniq_nergalle
Lair:5:   slime_altar_1, serial_bayou_shore_a, infiniplex_staircase_pool_2,
          serial_bayou_shore_b
Lair:6:   evilmike_catoblepas_cave, grunt_forest_small_clearings
Shoals:3: uniq_kirke
Shoals:4: shoals_end_hangedman, shoals_ilsuiw_ice, hangedman_feature_mirror,
          overgrown_hall, uniq_polyphemus
Orc:1:    basic_altar
Orc:2:    st_orc_pillars, lab_entry_generic, nicolae_orc_lost_temple
IceCv:    ice_cave_caverns_03

Skill      XL: |  1  2  3  4  5  6  7  8  9 10 11 12 13 14 15 16 |
---------------+-------------------------------------------------+-----
Dodging        | 3 4 5 6 8 9 11 12 14 15 | 15.8
Fighting       | 1 4 5 6 7 8 9 11 12 | 12.2
Conjurations   | 2 5 6 8 9 |  9.0
Air Magic      | 4 8 9 10 11 13 14 15 16 | 16.0
Shields        | 4 |  4.0
Spellcasting   | 7 10 | 10.0
Summonings     | 1 2 3 |  3.0
Hexes          | 2 5 7 |  7.5
Earth Magic    | 4 |  4.0
Stealth        | |  2.4

Action                   |  1- 3 |  4- 6 |  7- 9 | 10-12 | 13-15 | 16-18 || total
-------------------------+-------+-------+-------+-------+-------+-------++-------
Melee: Club              |       |     7 |       |       |       |       ||     7
       Flail             |       |       |     3 |       |       |       ||     3
       Whip              |       |       |       |    49 |    21 |       ||    70
       Double sword      |       |       |       |    15 |       |       ||    15
       Staff             |       |       |       |       |    75 |     4 ||    79
 Cast: Shock             |    66 |   118 |   172 |   462 |   802 |     4 ||  1624
       Airstrike         |       |     2 |    16 |    47 |   153 |     2 ||   220
       Lightning Bolt    |       |     1 |    14 |    60 |   289 |     7 ||   371
       Summon Lightning  |       |       |     9 |    63 |   157 |     3 ||   232
       Confuse           |       |       |       |     5 |    17 |       ||    22
Evoke: Wand              |       |       |     1 |     4 |    49 |     8 ||    62
       Lightning rod     |       |       |       |     4 |    11 |       ||    15
       Phial of floods   |       |       |       |       |     2 |       ||     2
  Use: Potion            |       |     2 |       |     1 |    15 |     1 ||    19
       Scroll            |       |     2 |     4 |    10 |    42 |       ||    58
 Stab: Distracted        |       |       |       |       |     1 |     1 ||     2
  Eat: Chunk             |     1 |     4 |    11 |    28 |    63 |       ||   107
       Ration            |       |     1 |     2 |    10 |    19 |       ||    32
Armor: Robe              |     2 |     7 |     1 |     3 |       |       ||    13
       Troll leather arm |       |       |       |    38 |   157 |     2 ||   197
Dodge: Dodged            |     3 |    22 |     8 |   175 |   739 |    23 ||   970
Block: Buckler           |       |     1 |     3 |    74 |   294 |     6 ||   378
       Rpst.: Double sword |       |       |       |    17 |       |       ||    17

Table legend:
 A = Spawn XP
 B = Non-spawn XP
 C = Spawn XP percentage of total XP
 D = Spawn monster count
 E = Non-spawn monster count
 F = Spawn count percentage of total count
 G = Total turns spent on level
                    A         B        C        D         E        F      G
               +---------+---------+-------+---------+---------+-------+---------
         Total |       0 |  153642 |   0.0 |       0 |     847 |   0.0 | 44724
               +---------+---------+-------+---------+---------+-------+---------
           D:1 |       0 |      57 |   0.0 |       0 |      30 |   0.0 |  1104
           D:2 |       0 |     146 |   0.0 |       0 |      25 |   0.0 |  1437
           D:3 |       0 |     301 |   0.0 |       0 |      28 |   0.0 |   913
           D:4 |       0 |     513 |   0.0 |       0 |      15 |   0.0 |  1011
           D:5 |       0 |     347 |   0.0 |       0 |      13 |   0.0 |   767
           D:6 |       0 |    1167 |   0.0 |       0 |      25 |   0.0 |  1356
           D:7 |       0 |     404 |   0.0 |       0 |      12 |   0.0 |   581
           D:8 |       0 |    5183 |   0.0 |       0 |      23 |   0.0 |  2048
           D:9 |       0 |    1840 |   0.0 |       0 |      38 |   0.0 |  1830
          D:10 |       0 |    3135 |   0.0 |       0 |      27 |   0.0 |  1605
          D:11 |       0 |    4061 |   0.0 |       0 |      63 |   0.0 |  2480
          D:12 |       0 |   10559 |   0.0 |       0 |      58 |   0.0 |  2634
          D:13 |       0 |    4896 |   0.0 |       0 |      27 |   0.0 |  1833
          D:14 |       0 |    3478 |   0.0 |       0 |      10 |   0.0 |   124
        Lair:1 |       0 |    4750 |   0.0 |       0 |      26 |   0.0 |  2072
        Lair:2 |       0 |    8193 |   0.0 |       0 |      38 |   0.0 |  3055
        Lair:3 |       0 |    6195 |   0.0 |       0 |      26 |   0.0 |  1767
        Lair:4 |       0 |    3805 |   0.0 |       0 |      11 |   0.0 |  1149
        Lair:5 |       0 |    7561 |   0.0 |       0 |      29 |   0.0 |  1868
        Lair:6 |       0 |   10170 |   0.0 |       0 |      36 |   0.0 |  2073
      Shoals:1 |       0 |    8419 |   0.0 |       0 |      23 |   0.0 |  1400
      Shoals:2 |       0 |   10913 |   0.0 |       0 |      22 |   0.0 |  2128
      Shoals:3 |       0 |   22932 |   0.0 |       0 |      60 |   0.0 |  4325
      Shoals:4 |       0 |    9798 |   0.0 |       0 |      21 |   0.0 |   304
         Orc:1 |       0 |    4293 |   0.0 |       0 |      59 |   0.0 |  1481
         Orc:2 |       0 |    9448 |   0.0 |       0 |      61 |   0.0 |  1486
         IceCv |       0 |   11078 |   0.0 |       0 |      41 |   0.0 |  1737
               +---------+---------+-------+---------+---------+-------+---------
